 Dungeon Crawl Stone Soup version 0.23.0-3-gf3c87f2 (webtiles) character file.

Game seed: 5392439048682888542

45298 skk the Blocker (level 14, 0/111 HPs)
             Began as a Formicid Fighter on Feb 22, 2019.
             Was a High Priest of Okawaru.
             Splashed by an oklob plant's acid (6 damage)
             ... on level 5 of the Lair of Beasts.
             The game lasted 00:45:47 (20790 turns).

skk the Blocker (Formicid Fighter)                 Turns: 20790, Time: 00:45:49

Health: 0/111      AC: 17    Str: 24    XL:     14   Next: 70%
Magic:  21/21      EV: 17    Int: 10    God:    Okawaru [*****.]
Gold:   891        SH: 16    Dex: 10    Spells: 13/13 levels left

rFire    + . .     SeeInvis +   Q - +1 battleaxe (flame)
rCold    . . .     Gourm    .   c - +1 shield
rNeg     + . .     Faith    .   n - +5 ring mail "Odorhytt" {rF+}
rPois    +         Spirit   .   (helmet unavailable)
rElec    .         Reflect  .   o - +2 cloak {+Inv}
rCorr    +         Harm     .   w - +0 pair of gloves
MR       +....                  I - +2 pair of boots {Fly}
Stlth    +++.......             i - macabre finger necklace {rN+}
HPRegen  0.28/turn              v - ring of poison resistance
MPRegen  0.17/turn              a - ring of resist corrosion
                                (no ring)

@: heroism, corroded, flying
A: permanent stasis, dig shafts and tunnels, four strong arms, antennae 3
a: Dig, Shaft Self, Heroism, Finesse, Renounce Religion, Evoke Invisibility,
Stop Flying


You were on level 5 of the Lair of Beasts.
You worshipped Okawaru.
Okawaru was extremely pleased with you.
You were not hungry.

You visited 3 branches of the dungeon, and saw 20 of its levels.
You also visited: Gauntlet and Volcano.

You collected 1367 gold pieces.
You spent 476 gold pieces at shops.

Inventory:

Hand Weapons
 y - a +0 vampiric hand axe
 A - a +4 spear of flaming
 Q - a +1 battleaxe of flaming (weapon)
Armour
 c - a +1 shield (worn)
 n - the +5 ring mail "Odorhytt" (worn) {rF+}
   (You found it on level 5 of the Dungeon)

   It protects you from fire.
 o - a +2 cloak of invisibility (worn)
 w - a +0 pair of gloves (worn)
 z - a +4 chain mail of cold resistance
 B - the +2 pair of boots of Purpose {rC+}
   (You bought it in a shop on level 9 of the Dungeon)

   It protects you from cold.
 I - a +2 pair of boots of flying (worn)
Jewellery
 a - a ring of resist corrosion (right hand)
 i - the macabre finger necklace (around neck) {rN+}
   (You found it in a Gauntlet)

   [amulet of nothing]

   It protects you from negative energy.
 v - a ring of poison resistance (left hand)
 E - an uncursed ring of positive energy
 H - an uncursed ring of ice
 L - an uncursed ring of flight
Wands
 x - a wand of digging (14)
 D - a wand of disintegration (4)
 G - a wand of flame (30)
 J - a wand of iceblast (6)
 O - a wand of random effects (15)
 R - a wand of enslavement (7)
Scrolls
 b - 2 scrolls of fear
 d - 5 scrolls of amnesia
 g - 4 scrolls of fog
 h - 2 scrolls of magic mapping
 j - 6 scrolls of enchant armour
 l - 4 scrolls of enchant weapon
 q - 4 scrolls of remove curse
 r - 2 scrolls of silence
 K - 2 scrolls of brand weapon
 S - 3 scrolls of identify
Potions
 e - 2 potions of flight
 k - 2 potions of agility
 m - a potion of mutation
 p - 2 potions of brilliance
 s - 8 potions of curing
 t - 4 potions of lignification
 u - a potion of ambrosia
 C - a potion of cancellation
 F - a potion of resistance
 N - a potion of might
 T - a potion of invisibility
Miscellaneous
 M - a fan of gales
Comestibles
 f - 25 rations


   Skills:
 + Level 10.4(15.4) Fighting
 + Level 5.6(15.0) Axes
 + Level 12.6(18.0) Polearms
 + Level 8.5(13.5) Armour
 + Level 7.8(12.8) Dodging
 + Level 3.8(8.8) Stealth
 + Level 13.7(18.7) Shields
 + Level 10.2 Invocations
 + Level 1.3 Evocations


You had 13 spell levels left.
You didn't know any spells.
Your spell library contained the following spells:

 Spells                   Type           Power        Failure   Level  Hunger
 Magic Dart               Conj           #...         45%         1    ##.....
 Summon Small Mammal      Summ           #...         45%         1    ##.....
 Call Imp                 Summ           #.......     61%         2    ###....
 Slow                     Hex            #.......     61%         2    ###....
 Call Canine Familiar     Summ           #.......     83%         3    ####...
 Conjure Flame            Conj/Fire      #.......     83%         3    ####...
 Mephitic Cloud           Conj/Pois/Air  #.......     83%         3    ####...
 Summon Guardian Golem    Hex/Summ       #.......     83%         3    ####...
 Summon Ice Beast         Ice/Summ       #.......     99%         4    #####..
 Summon Lightning Spire   Summ/Air       #.......     99%         4    #####..
 Malign Gateway           Summ/Tloc      #.........   100%        7    #######
 Monstrous Menagerie      Summ           #.........   100%        7    #######
 Summon Greater Demon     Summ           #.........   100%        7    #######
 Summon Horrible Things   Summ           #.........   100%        8    #######
 Blink                    Tloc           Unusable     N/A         2    N/A

Dungeon Overview and Level Annotations

Branches:
Dungeon (15/15)            Temple (1/1) D:6            Lair (5/6) D:8
    Orc (0/2) D:9          Vaults (0/5) D:14         Depths (0/5) D:15
  Swamp: Lair:2-4    Shoals: Lair:2-4     Snake: Lair:2-4    Spider: Lair:2-4
  Slime: Lair:5-6

Altars:
Ashenzari
Cheibriados
Dithmenos
Elyvilon
Fedhas
Gozag
Hepliaklqana
Kikubaaqudgha
Makhleb
Nemelex Xobeh
Okawaru
Qazlal
Ru
Sif Muna
Trog
Uskayaw
Vehumet
Wu Jian
Xom
Yredelemnul
Zin
The Shining One

Shops:
D:9 **!*   D:14 %

Annotations:
D:5 1 runed translucent door, feelmyfire's ghost, novice DsNe
Lair:5 exclusion: 2 oklob plants


Innate Abilities, Weirdness & Mutations

You cannot be hasted, slowed, berserked, paralysed or teleported.
You can dig through walls and to a lower floor.
Your four strong arms can wield two-handed weapons with a shield.
You have a pair of large antennae on your head. (SInv)


Message History

You slice the oklob plant!! You burn the oklob plant.
You destroy the oklob plant!
Okawaru accepts your kill.
You hit the oklob plant but do no damage.
You hit the oklob plant. You burn the oklob plant.
The oklob plant spits acid at you. The splash of acid hits you. You resist.
* * * LOW HITPOINT WARNING * * *
You are splashed with acid!
You resist.
* * * LOW HITPOINT WARNING * * *
The oklob plant spits acid at you. You block the splash of acid.
You slice the oklob plant!! You burn the oklob plant.
The oklob plant is almost destroyed.
You slash the oklob plant! You burn the oklob plant.
The oklob plant spits acid at you. The splash of acid hits you. You resist.
* * * LOW HITPOINT WARNING * * *
You are splashed with acid.
You resist.
You die...

####### #?.(%[# #..}$.#
#$..P.# ## ##.$.@?###.## ###
#.....P.....# ####.###
##...PP#....#
##...#.#####.......†...#
.........#............P#.#
...........................
..........#.##........#.....
..........####........###...
....P###..# #.........# #..


You could see 2 oklob plants.

Vanquished Creatures
  A stone giant (Volcano)
  A minotaur (Gauntlet)
  A death ooze (Gauntlet)
  Harold (D:7)
  An ice dragon (D:14)
  2 hydras
  2 catoblepae (D:14)
  2 centaur warriors
  A queen ant (Gauntlet)
  4 two-headed ogres
  3 skeletal warriors (D:13)
  A sixfirhy (Gauntlet)
  4 unseen horrors
  An obsidian statue (Volcano)
  Pikel (D:9)
  2 oklob plants (Lair:5)
  A manticore (D:12)
  3 cyclopes
  10 ugly things
  4 elephants (Lair:5)
  A spiny frog (Lair:2)
  2 centaur skeletons
  An efreet (Volcano)
  A redback zombie (D:13)
  4 komodo dragons
  2 kobold demonologists
  A rime drake (Lair:5)
  3 trolls
  A queen bee (Gauntlet)
  A tyrant leech (shapeshifter) (D:14)
  A merfolk (D:10)
  A hornet (D:13)
  Prince Ribbit (D:9)
  10 hippogriffs
  2 polar bears (Lair:5)
  A meliai zombie (D:14)
  2 shadows
  2 vampires
  3 wraiths
  2 wyverns
  11 yaks
  A fire elemental (Volcano)
  3 fire bats (Volcano)
  A basilisk (D:15)
  5 vampire mosquitoes
  Eustachio (D:4)
  A hungry ghost (D:12)
  2 insubstantial wisps (Lair:5)
  A warg (shapeshifter) (D:15)
  4 soldier ants
  3 acid dragons
  5 water moccasins
  Duvessa (D:4)
  7 porcupines
  3 ice beasts
  4 orc warriors
  3 black bears
  An eye of draining (D:14)
  3 sky beasts
  4 ogres
  4 phantoms
  A necrophage (D:10)
  4 crocodiles
  15 centaurs
  2 big kobolds (D:12)
  8 bullfrogs
  A gnoll sergeant (D:8)
  A wyvern zombie (D:9)
  2 earth elementals (Volcano)
  Dowan (D:4)
  9 scorpions
  3 killer bees (Gauntlet)
  4 wights (D:9)
  A howler monkey (D:5)
  5 lava snakes (Volcano)
  4 crimson imps
  4 hounds
  2 jellies
  10 orc wizards
  2 bullfrog zombies
  7 orc priests
  2 bullfrog skeletons
  2 iguanas
  12 worker ants
  A worker ant zombie (D:6)
  Robin (D:4)
  12 gnolls
  9 adders
  3 oozes
  3 ufetubi (Gauntlet)
  An adder zombie (D:6)
  3 adder skeletons
  4 worms
  2 dart slugs (D:1)
  6 leopard geckos
  76 orcs
  2 bats (D:2)
  4 giant cockroaches
  12 goblins
  15 hobgoblins
  9 jackals
  14 kobolds
  5 quokkas
  A ball python (D:2)
  A ball python skeleton (D:5)
  7 frilled lizards
  A jackal skeleton (D:4)
  A quokka skeleton (D:7)
  4 rats
455 creatures vanquished.

Vanquished Creatures (others)
  A shadow wraith (D:14)
  2 fungi
  4 plants (Lair:5)
7 creatures vanquished.

Grand Total: 462 creatures vanquished

Notes
Turn   | Place    | Note
-------+----------+-------------------------------------------
     0 | D:1      | skk the Formicid Fighter began the quest for the Orb.
     0 | D:1      | Reached XP level 1. HP: 18/18 MP: 1/1
    43 | D:1      | Reached XP level 2. HP: 24/24 MP: 2/2
   336 | D:1      | Reached XP level 3. HP: 29/29 MP: 3/3
   342 | D:1      | Reached skill level 4 in Shields
   988 | D:2      | Reached XP level 4. HP: 12/37 MP: 4/4
  1483 | D:2      | Found a hazy altar of Hepliaklqana.
  1658 | D:2      | Found a hide-covered altar of Uskayaw.
  1659 | D:2      | Found a basalt altar of Yredelemnul.
  2161 | D:3      | Reached XP level 5. HP: 42/42 MP: 5/5
  2212 | D:3      | Found a shattered altar of Ashenzari.
  2733 | D:3      | You fall through a shaft!
  2832 | D:3      | Reached XP level 6. HP: 37/48 MP: 6/6
  3075 | D:4      | Noticed a black bear
  3087 | D:4      | Killed a black bear
  3133 | D:4      | Reached skill level 1 in Dodging
  3177 | D:4      | Noticed Duvessa
  3177 | D:4      | Noticed Dowan
  3189 | D:4      | Killed Duvessa
  3189 | D:4      | Reached skill level 5 in Shields
  3189 | D:4      | Reached XP level 7. HP: 41/54 MP: 7/7
  3194 | D:4      | Killed Dowan
  3194 | D:4      | Reached skill level 5 in Polearms
  3419 | D:4      | Noticed Robin
  3428 | D:4      | Killed Robin
  3513 | D:4      | Found an opulent altar of Gozag.
  3517 | D:4      | Noticed Eustachio
  3536 | D:4      | Killed Eustachio
  3967 | D:5      | Entered Level 5 of the Dungeon
  3972 | D:5      | Got a faintly humming ring mail
  3991 | D:5      | Identified the +5 ring mail "Odorhytt" {rF+} (You found it
                  | on level 5 of the Dungeon)
  4020 | D:5      | Reached skill level 6 in Shields
  4020 | D:5      | Reached XP level 8. HP: 61/61 MP: 8/8
  4369 | D:5      | Found a runed translucent door.
  4370 | D:5      | Noticed feelmyfire's ghost (novice DsNe)
  4656 | D:6      | Reached skill level 5 in Armour
  4656 | D:6      | Reached skill level 7 in Shields
  4704 | D:6      | Found a snail-covered altar of Cheibriados.
  5138 | D:6      | Found a staircase to the Ecumenical Temple.
  5191 | Temple   | Entered the Ecumenical Temple
  5367 | Temple   | Became a worshipper of Warmaster Okawaru
  5655 | D:6      | Reached skill level 1 in Stealth
  5655 | D:6      | Reached XP level 9. HP: 50/67 MP: 9/9
  5911 | D:7      | Reached skill level 5 in Fighting
  6017 | D:7      | Noticed Harold
  6057 | D:7      | Killed Harold
  6057 | D:7      | Reached * piety under Okawaru
  6057 | D:7      | Reached skill level 8 in Shields
  6320 | D:7      | Reached ** piety under Okawaru
  6348 | D:7      | Found a shadowy altar of Dithmenos.
  6744 | D:8      | Reached XP level 10. HP: 76/76 MP: 10/10
  6904 | D:9      | Reached skill level 9 in Shields
  7180 | D:8      | Found a staircase to the Lair.
  7770 | D:9      | Found Fafez's General Store.
  7781 | D:9      | Bought a scroll of enchant armour for 90 gold pieces
  7781 | D:9      | Bought the +2 pair of boots of Purpose {rC+} for 342 gold
                  | pieces
  8093 | D:9      | Found Oklag's General Store.
  8101 | D:9      | Bought a scroll of identify for 22 gold pieces
  8101 | D:9      | Bought a scroll of identify for 22 gold pieces
  8459 | D:9      | Noticed Prince Ribbit
  8472 | D:9      | Killed Prince Ribbit
  8508 | D:9      | Reached skill level 1 in Invocations
  8568 | D:9      | Reached *** piety under Okawaru
  8605 | D:9      | Found a staircase to the Orcish Mines.
  8629 | D:9      | Found Ukuc's Distillery.
  8664 | D:9      | Noticed Pikel
  8682 | D:9      | Killed Pikel
  8765 | D:9      | Found Zuit's Assorted Antiques.
  8860 | D:9      | Reached skill level 10 in Shields
  8897 | D:10     | Entered Level 10 of the Dungeon
  8897 | D:10     | Noticed an unseen horror
  8906 | D:10     | Killed an unseen horror
  8906 | D:10     | Reached XP level 11. HP: 81/83 MP: 13/13
  9042 | D:10     | Noticed an unseen horror
  9051 | D:10     | Killed an unseen horror
  9051 | D:10     | Reached **** piety under Okawaru
  9051 | D:10     | Reached skill level 10 in Polearms
  9151 | D:10     | Noticed a two-headed ogre
  9161 | D:10     | Killed a two-headed ogre
  9161 | D:10     | Reached skill level 5 in Dodging
  9479 | D:10     | Found a white marble altar of Elyvilon.
  9758 | D:11     | Reached skill level 5 in Invocations
  9961 | D:11     | Noticed an unseen horror
  9969 | D:11     | Killed an unseen horror
 10131 | D:11     | Reached ***** piety under Okawaru
 10777 | D:12     | Received a gift from Okawaru
 10784 | D:12     | Got an ichor-stained ring mail {god gift}
 10975 | D:12     | Noticed a manticore
 10991 | D:12     | Killed a manticore
 10991 | D:12     | Reached XP level 12. HP: 75/92 MP: 16/16
 11002 | D:12     | Identified the +0 ring mail "Rateet" {rN+ Str-2 Dex+5
                  | Stlth+} (Okawaru gifted it to you on level 12 of the
                  | Dungeon)
 11283 | D:12     | Reached skill level 11 in Shields
 11632 | D:13     | Noticed a skeletal warrior
 11632 | D:13     | Noticed a skeletal warrior
 11632 | D:13     | Noticed a skeletal warrior
 11674 | D:13     | Killed a skeletal warrior
 11706 | D:13     | Killed a skeletal warrior
 11732 | D:13     | Killed a skeletal warrior
 12018 | D:13     | Noticed a centaur warrior
 12020 | D:13     | Noticed a two-headed ogre
 12045 | D:13     | Killed a two-headed ogre
 12080 | D:13     | Killed a centaur warrior
 12086 | D:13     | You fall through a shaft for 2 floors!
 12086 | D:15     | Entered Level 15 of the Dungeon
 12113 | D:15     | Noticed an ogre mage
 12113 | D:15     | Noticed a two-headed ogre
 12113 | D:15     | Noticed a two-headed ogre
 12113 | D:15     | Noticed a two-headed ogre
 12113 | D:15     | Noticed a two-headed ogre
 12456 | D:14     | Reached skill level 1 in Axes
 12467 | D:14     | Received a gift from Okawaru
 12503 | D:14     | Reached XP level 13. HP: 66/100 MP: 19/19
 12517 | D:14     | Noticed a seven-headed hydra
 13044 | D:14     | Reached skill level 12 in Shields
 13238 | D:14     | Found Veusuotyext's Food Emporium.
 13292 | D:14     | Reached ****** piety under Okawaru
 13407 | D:14     | Noticed a centaur warrior
 13417 | D:14     | Killed a centaur warrior
 13743 | D:14     | Noticed a catoblepas
 13776 | D:14     | Killed a catoblepas
 14086 | D:14     | Noticed an ice dragon
 14121 | D:14     | Killed an ice dragon
 14473 | D:14     | Found a gate to the Vaults.
 14534 | D:14     | Noticed an ettin
 14535 | D:14     | Noticed a spark wasp
 14535 | D:14     | an ettin changed into a spark wasp
 14538 | D:14     | a spark wasp changed into a tyrant leech
 14543 | D:14     | Noticed an ice dragon
 14558 | D:14     | Noticed a spark wasp
 14558 | D:14     | an ice dragon changed into a spark wasp
 14562 | D:14     | a spark wasp changed into a tyrant leech
 14687 | D:14     | Killed a seven-headed hydra
 14687 | D:14     | Received a gift from Okawaru
 14815 | D:14     | Noticed a catoblepas
 14858 | D:14     | Killed a catoblepas
 16258 | D:13     | Reached skill level 1 in Evocations
 16860 | D:15     | Reached skill level 13 in Shields
 16905 | D:15     | Found a staircase to the Depths.
 16905 | D:15     | Noticed a fire giant
 17103 | Lair:1   | Entered Level 1 of the Lair of Beasts
 17427 | Lair:1   | Reached XP level 14. HP: 109/109 MP: 19/21
 18233 | Lair:2   | Found a dark tunnel.
 18236 | Volcano  | Entered a volcano
 18265 | Volcano  | Reached skill level 10 in Invocations
 18270 | Volcano  | Reached skill level 10 in Fighting
 18332 | Volcano  | Noticed a stone giant
 18333 | Volcano  | Found a bloodstained altar of Trog.
 18371 | Volcano  | Killed a stone giant
 18371 | Volcano  | Received a gift from Okawaru
 18573 | Lair:2   | Found a gate leading to a gauntlet.
 18582 | Gauntlet | Entered a Gauntlet
 18582 | Gauntlet | Found a transporter.
 18582 | Gauntlet | Found a transporter.
 18582 | Gauntlet | Found a transporter.
 18583 | Gauntlet | Found a transporter.
 18586 | Gauntlet | Found a transporter.
 18603 | Gauntlet | Found a transporter.
 18605 | Gauntlet | Found a large runed translucent door.
 18605 | Gauntlet | Found a large runed translucent door.
 18606 | Gauntlet | Found a large runed translucent door.
 18606 | Gauntlet | Found a large runed translucent door.
 18607 | Gauntlet | Found a large runed translucent door.
 18607 | Gauntlet | Found a large runed translucent door.
 18607 | Gauntlet | Found a large runed translucent door.
 18607 | Gauntlet | Found a large runed translucent door.
 18608 | Gauntlet | Found a runed translucent door.
 18622 | Gauntlet | Found a transporter.
 18634 | Gauntlet | Found the macabre finger necklace {rN+}
 18644 | Gauntlet | Found a runed translucent gate.
 18645 | Gauntlet | Found a transporter.
 18645 | Gauntlet | Found a runed translucent gate.
 18646 | Gauntlet | Found a runed translucent gate.
 18647 | Gauntlet | Found a large runed translucent door.
 18648 | Gauntlet | Found a large runed translucent door.
 18649 | Gauntlet | Found a large runed translucent door.
 18656 | Gauntlet | Found a large runed translucent door.
 18658 | Gauntlet | Found a large runed translucent door.
 18658 | Gauntlet | Found a large runed translucent door.
 18658 | Gauntlet | Found a runed translucent door.
 18659 | Gauntlet | Found a large runed translucent door.
 18660 | Gauntlet | Found a large runed translucent door.
 18662 | Gauntlet | Found a transporter.
 18670 | Gauntlet | Found a transporter.
 18687 | Gauntlet | Found a transporter.
 18738 | Gauntlet | Found a transporter.
 19373 | Gauntlet | Noticed a minotaur
 19382 | Gauntlet | Killed a minotaur
 20106 | Lair:3   | You are sucked into a shaft for 2 floors!
 20413 | Lair:5   | Reached skill level 5 in Axes
 20790 | Lair:5   | Splashed by an oklob plant's acid

Skill      XL: |  1  2  3  4  5  6  7  8  9 10 11 12 13 14 |
---------------+-------------------------------------------+-----
Shields        | 4 5 6 7 8 10 11 13 | 13.7
Polearms       | 3 4 5 7 8 9 10 11 12 | 12.6
Fighting       | 4 5 6 7 8 9 10 | 10.4
Armour         | 4 5 6 7 8 |  8.5
Dodging        | 1 2 4 5 6 7 |  7.8
Stealth        | 1 2 3 |  3.8
Invocations    | 3 6 8 9 10 | 10.2
Axes           | 1 5 |  5.6
Evocations     | 1 |  1.3

Action                   |  1- 3 |  4- 6 |  7- 9 | 10-12 | 13-15 || total
-------------------------+-------+-------+-------+-------+-------++-------
Melee: Trident           |    85 |   133 |       |       |       ||   218
       Halberd           |       |    93 |   361 |   133 |       ||   587
       Spear             |       |       |       |   854 |   807 ||  1661
       Hand axe          |       |       |       |    32 |       ||    32
       Battleaxe         |       |       |       |       |   191 ||   191
Invok: Heroism           |       |       |       |     8 |    20 ||    28
       Finesse           |       |       |       |       |     2 ||     2
 Abil: Shaft Self        |       |       |       |     1 |       ||     1
       Dig               |       |       |       |       |     1 ||     1
Evoke: Wand              |       |       |       |       |    12 ||    12
  Use: Potion            |     1 |     3 |     2 |       |     6 ||    12
       Scroll            |       |     8 |     9 |     5 |     8 ||    30
 Stab: Sleeping          |       |       |       |     2 |     2 ||     4
       Distracted        |       |       |       |       |     1 ||     1
       Invisible         |       |       |       |       |     1 ||     1
  Eat: Chunk             |       |     7 |     6 |    14 |    14 ||    41
       Ration            |       |       |     2 |     3 |     4 ||     9
Armor: Scale mail        |    27 |    53 |       |       |       ||    80
       Plate armour      |       |    33 |   115 |       |       ||   148
       Ring mail         |       |       |    49 |   140 |   219 ||   408
       Skin              |       |       |    29 |       |       ||    29
Dodge: Dodged            |    21 |    65 |   108 |   198 |   276 ||   668
Block: Shield            |    26 |   124 |   257 |   373 |   423 ||  1203
